Selects Panzerjäger Kommand Battlegroup
Selects Panzerjäger Kommand Battlegroup
Construct Light Support Kompanie
Construct Mechanized Kompanie
Pak 38 Anti-tank Gun Team
Selects GrB 39 Grenade Launcher Requisition
Construct Panzerarmee Kommand
Flak 36 Anti-tank Gun Team
le.IG 18 Support Gun Team
Walking Stuka Rocket Launcher
Flak 36 Anti-tank Gun Team
Flak 36 Anti-tank Gun Team
Flak 36 Anti-tank Gun Team
Selects Defensive Positions
Selects Crew Shock Tactics
Flak 36 Anti-tank Gun Team
Selects Elefant Tank Destroyer
Flak 36 Anti-tank Gun Team